 Dungeon Crawl Stone Soup version 0.30-a0-305-g026cb31310 (webtiles) character file.

Game seed: 11915956439204526369

203 LnG the Sneak (level 6, -3/33 HPs)
             Began as a Kobold Summoner on Oct 23, 2022.
             Slain by a gnoll
             ... wielding a +0 flail
             ... led by a gnoll bouda
              (7 damage)
             ... on level 4 of the Dungeon.
             The game lasted 00:12:19 (3653 turns).

LnG the Sneak (Kobold Summoner)                     Turns: 3653, Time: 00:12:19

Health: -3/33      AC:  4    Str:  6    XL:     6   Next: 8%
Magic:  5/10       EV: 15    Int: 18    God:
Gold:   219        SH:  0    Dex: 15    Spells: 1/10 levels left

rFire   . . .      SeeInvis .    i - +1 dagger
rCold   . . .      Faith    .    (no shield)
rNeg    . . .      Spirit   .    a - +0 robe
rPois   .          Reflect  .    m - +1 helmet
rElec   .          Harm     .    (no cloak)
rCorr   .          Rampage  .    (no gloves)
Will    .....                    (no boots)
Stlth   ++++......               g - amulet of the acrobat
HPRegen 0.25/turn                v - ring of flight
MPRegen 0.12/turn                (no ring)

@: flying
A: small, no large weapons, nightstalker 3
a: no special abilities


You were on level 4 of the Dungeon.
You visited 1 branch of the dungeon, and saw 5 of its levels.

You collected 219 gold pieces.

Inventory:

Hand Weapons
 i - a +1 dagger (weapon)
 q - a +0 dagger of distortion
Armour
 a - a +0 robe (worn)
 m - a +1 helmet (worn)
Jewellery
 g - an amulet of the acrobat (around neck)
 t - an amulet of magic regeneration
 v - a ring of flight (left hand)
Wands
 w - a wand of flame (21)
Scrolls
 d - 2 scrolls of teleportation
 f - a scroll of enchant armour
 j - a scroll of fear
 l - a scroll of enchant weapon
 n - a scroll of amnesia
 x - a scroll of magic mapping
Potions
 b - 3 potions of magic
 c - 2 potions of curing
 e - a potion of degeneration {unknown}
 h - a potion of brilliance {unknown}
 k - a potion of resistance {unknown}
 o - a potion of heal wounds {unknown}
 p - a potion of flight {unknown}
 r - a potion of might {unknown}
 s - 2 potions of ambrosia {unknown}
 u - a potion of haste {unknown}


   Skills:
 + Level 0.9 Fighting
 + Level 2.1 Short Blades
 + Level 3.2 Dodging
 * Level 5.3 Stealth
 + Level 2.9 Spellcasting
 + Level 4.8 Summonings


You had one spell level left.
You knew the following spells:

 Your Spells              Type           Power      Damage    Failure   Level
a - Summon Small Mammal   Summ           80%        N/A       2%          1
b - Call Imp              Summ           20%        N/A       3%          2
c - Call Canine Familiar  Summ           20%        N/A       7%          3
d - Summon Guardian Gole  Hex/Summ       11%        N/A       19%         3

Your spell library contained the following spells:

 Spells                   Type           Power      Damage    Failure   Level
 Freeze                   Ice            8%         1d3       17%         1
 Blink                    Tloc           4%         N/A       26%         2
 Frozen Ramparts          Ice            4%         1d1       45%         3
 Hailstorm                Conj/Ice       2%         3d3       45%         3
 Inner Flame              Hex/Fire       2%         N/A       45%         3
 Summon Lightning Spire   Summ/Air       11%        N/A       52%         4
 Flame Wave               Conj/Fire      2%         2d4       86%         4
 Manifold Assault         Tloc           2%         N/A       86%         4
 Sticky Flame             Conj/Fire      2%         2d3       86%         4
 Storm Form               Tmut/Air       1%         N/A       100%        7


Dungeon Overview and Level Annotations

Branches:
Dungeon (5/15)
 Temple: D:4-7

Altars:
Trog

Annotations:
D:3 Grinder


Innate Abilities, Weirdness & Mutations

You are small and have problems with some larger weapons.
You are completely attuned to the shadows.


Message History

The gnoll attacks as you move away! The gnoll closely misses you.
The gnoll barely misses you.
There is a stone staircase leading up here.
The gnoll closely misses you. The gnoll barely misses you.
You fly upwards.
There is a stone staircase leading down here.
Casting: Call Canine Familiar (quite dangerous; 7% risk of failure)
Confirm with . or Enter, or press ? or * to list all spells.
The spell is quite dangerous to miscast (7% risk of failure)!
Continue anyway?
The gnoll barely misses you. The gnoll hits you with a +0 flail.
Casting: Call Canine Familiar (quite dangerous; 7% risk of failure)
Confirm with . or Enter, or press ? or * to list all spells.
A beastly little devil appears in a puff of flame.
The gnoll misses you. The gnoll barely misses you.
You closely miss the gnoll. The gnoll closely misses you.
You hit the gnoll.
The gnoll is moderately wounded.
The gnoll misses you.
Your crimson imp barely misses the gnoll.
The gnoll barely misses you.
Your hound bites the gnoll.
You hit the gnoll but do no damage.
The gnoll is moderately wounded.
The gnoll hits you with a +0 flail.
Your crimson imp hits the gnoll but does no damage.
Your hound completely misses the gnoll.
The gnoll hits you with a +0 flail!
You hit the gnoll.
The gnoll is heavily wounded.
The gnoll is no longer moving quickly.
Your hound barely misses the gnoll.
The gnoll hits you with a +0 flail.
Your crimson imp hits the gnoll.
The gnoll hits you with a +0 flail!
* * * LOW HITPOINT WARNING * * *
You hit the gnoll but do no damage.
The gnoll is heavily wounded.
Your hound barely misses the gnoll.
The gnoll closely misses you.
Your crimson imp hits the gnoll.
Your hound bites the gnoll.
The gnoll hits you but does no damage.
You hit the gnoll but do no damage.
The gnoll is almost dead.
Your hound closely misses the gnoll.
The gnoll hits you with a +0 flail!
You die...

#..........#....#................
....####........#................
......).........#................
.............####....#...........
.....................#.......####
(...########........####.........
....#...............# #..........
....#...........hg5.# #..........
....#...........@...# #..........
....###...##.....g..# #..........
....###...##........# #..........
....................# #.......[..
....................# #..........
####........)######## #..........
#.........# ##########.
#.........# #. #.........# #.


You could see 2 gnolls, a friendly hound (summoned) and a friendly crimson imp
(summoned).

Vanquished Creatures
  A howler monkey (D:4)
  An iguana (D:3)
  Terence (D:2)
  An adder (D:4)
  2 gnolls
  3 worms (D:3)
  4 orcs
  2 ball pythons
  2 endoplasms
  3 giant cockroaches (D:1)
  5 goblins
  3 hobgoblins
  A jackal (D:2)
  4 kobolds
  A quokka (D:1)
  A bat (D:3)
  2 frilled lizards (D:2)
  A rat (D:2)
38 creatures vanquished.

Vanquished Creatures (collateral kills)
  2 adders
  4 worms (D:3)
  4 ball pythons (D:1)
  A bat (D:1)
  A giant cockroach (D:1)
  A hobgoblin (D:1)
  A goblin (D:1)
14 creatures vanquished.

Grand Total: 52 creatures vanquished

Notes
Turn   | Place    | Note
-------+----------+-------------------------------------------
     0 | D:1      | LnG the Kobold Summoner began the quest for the Orb.
     0 | D:1      | Reached XP level 1. HP: 10/10 MP: 3/3
   259 | D:1      | Reached XP level 2. HP: 15/15 MP: 3/5
   420 | D:1      | Learned a level 2 spell: Call Imp
   507 | D:1      | You fall into a shaft and drop 1 floor!
   802 | D:1      | Reached XP level 3. HP: 19/19 MP: 6/6
   806 | D:1      | Learned a level 3 spell: Call Canine Familiar
   963 | D:2      | Reached skill level 3 in Stealth
  1221 | D:2      | Noticed Terence
  1238 | D:2      | Killed Terence
  1239 | D:2      | Reached XP level 4. HP: 13/24 MP: 2/8
  1570 | D:2      | Found a faded altar of an unknown god.
  1899 | D:3      | Found a faded altar of an unknown god.
  1900 | D:3      | Found a bloodstained altar of Trog.
  2005 | D:3      | Reached skill level 1 in Short Blades
  2082 | D:3      | Reached skill level 4 in Stealth
  2190 | D:3      | Noticed Grinder
  2568 | D:3      | Reached XP level 5. HP: 28/28 MP: 9/9
  2611 | D:3      | Learned a level 3 spell: Summon Guardian Golem
  2845 | D:4      | Reached skill level 5 in Stealth
  3493 | D:5      | Entered Level 5 of the Dungeon
  3500 | D:5      | Reached XP level 6. HP: 33/33 MP: 10/10
  3653 | D:4      | Slain by a gnoll

Illustrated notes

Levels and vault maps discovered:
D:1:      kilobyte_arrival_exit_the_forest, layout_rooms
D:2:      layout_basic, shapermc_ecumenical_altar_flowoftime, minmay_distorted,
          uniq_terence
D:3:      layout_loops_ring, nicolae_overflow_ecumenical_swirl,
          chequers_mini_garden, minmay_splitting_lines, nicolae_wormholes,
          uniq_grinder
D:4:      layout_basic, hangedman_decor_peaks_small
D:5:      kennysheep_steamy, layout_cave_pools, ebering_ghost_sewer_f,
          uniq_prince_ribbit1, uniq_pikel, uniq_crazy_yiuf_cottage

Skill      XL: |  1  2  3  4  5 |
---------------+----------------+-----
Stealth        | 3 4 5 |  5.3
Short Blades   | 1 2 |  2.1
Dodging        | 3 |  3.2
Fighting       | |  0.9
Spellcasting   | |  2.9
Summonings     | |  4.8

Action                   |  1- 3 |  4- 6 || total
-------------------------+-------+-------++-------
Melee: Unarmed           |    25 |       ||    25
       Punch             |     4 |     1 ||     5
       Dagger            |    66 |   152 ||   218
 Cast: Summon Small Mamm |    17 |     1 ||    18
       Call Canine Famil |     2 |     5 ||     7
       Call Imp          |       |     2 ||     2
  Use: Scroll            |     1 |     7 ||     8
 Stab: Sleeping          |     4 |    10 ||    14
Armor: Robe              |    16 |    13 ||    29
Dodge: Dodged            |    82 |   111 ||   193

Table legend: (Time is in decaauts)
 A = Elapsed time spent in this place.
 B = Non-inter-level travel time spent in this place.
 C = Inter-level travel time spent in this place.
 D = Time resting spent in this place.
 E = Time spent auto-exploring this place.
 F = Levels seen in this place.
 G = Mean time per level.
                   A        B        C        D        E       F      G
               +--------+--------+--------+--------+--------+-----+--------+
         Total |   3656 |   3517 |    139 |    333 |   2492 |   5 |  731.2 |
       Dungeon |   3656 |   3517 |    139 |    333 |   2492 |   5 |  731.2 |
               +--------+--------+--------+--------+--------+-----+--------+

Top non-repeatable levels by time:
     D:3: 1006 daAuts
     D:4: 984 daAuts
     D:1: 943 daAuts
     D:2: 686 daAuts
     D:5: 36 daAuts
